 Dungeon Crawl Stone Soup version 0.27-a0-1290-g15d3ce7508 (webtiles) character file.

Game seed: 286926484570966662

116 Delamore the Skirmisher (level 5, -2/43 HPs)
             Began as a Formicid Fighter on June 15, 2021.
             Was an Initiate of Ashenzari.
             Succumbed to an adder's poison
             ... in a sewer.
             The game lasted 00:02:20 (2078 turns).

Delamore the Skirmisher (Formicid Fighter)          Turns: 2078, Time: 00:02:21

Health: -2/43      AC:  6    Str: 21    XL:     5   Next: 20%
Magic:  5/5        EV:  8    Int:  8    God:    Ashenzari [......]
Gold:   72         SH:  9    Dex: 10    Spells: 4/4 levels left

rFire    . . .     SeeInvis +   a - +0 trident
rCold    . . .     Faith    .   c - +0 kite shield
rNeg     . . .     Spirit   .   b - +0 scale mail of Ouranomancy {Range, Alch} (curse)
rPois    .         Reflect  .   (helmet unavailable)
rElec    .         Harm     .   (no cloak)
rCorr    .         Rampage  .   (no gloves)
Will     .....                  (no boots)
Stlth    ..........             (no amulet)
HPRegen  0.14/turn              (no ring)
MPRegen  0.09/turn              (no ring)

@: mighty, lethally poisoned (-2 -> -12)
A: permanent stasis, dig shafts and tunnels, antennae 3, four strong arms
a: Dig, Renounce Religion, Shatter the Chains


You were in a sewer.
You worshipped Ashenzari.
Ashenzari was noncommittal.
You visited 1 branch of the dungeon, and saw 3 of its levels.
You also visited: Sewer.

You collected 72 gold pieces.

Inventory:

Hand Weapons
 a - a +0 trident (weapon)
Missiles
 f - 12 poisoned darts
Armour
 b - the cursed +0 scale mail of Ouranomancy (worn) {Range, Alch}

   It has a curse which improves the following skills: Ranged Combat: Slings,
   Bows, Crossbows and Throwing.
   Alchemy:   Poison Magic and Transmutations.
 c - a +0 kite shield (worn)
Wands
 j - a wand of digging (6)
Scrolls
 e - a scroll of amnesia
 i - a scroll of fog
 l - a scroll of identify
Potions
 g - a potion of haste
 h - a potion of brilliance


   Skills:
 + Level 4.3 Fighting
 * Level 4.2 Polearms
 - Level 3.2 Armour
 - Level 3.6 Shields


You had 4 spell levels left.
You didn't know any spells.
Your spell library contained the following spells:

 Spells                   Type           Power      Damage    Failure   Level
 Corona                   Hex            0%         N/A       98%         1
 Ensorcelled Hibernation  Hex/Ice        0%         N/A       99%         2
 Confusing Touch          Hex            0%         N/A       100%        3
 Dazzling Flash           Conj/Hex       0%         N/A       100%        3
 Gell's Gravitas          Tloc           0%         N/A       100%        3
 Tukima's Dance           Hex            0%         N/A       100%        3
 Petrify                  Tmut/Erth      0%         N/A       100%        4
 Metabolic Englaciation   Hex/Ice        0%         N/A       100%        5
 Yara's Violent Unravell  Hex/Tmut       0%         3d3       100%        5


Dungeon Overview and Level Annotations

Branches:
Dungeon (3/15)              Sewer (1/1)

Altars:
Ashenzari


Innate Abilities, Weirdness & Mutations

You cannot be hasted, slowed, berserked, paralysed or teleported.
You can dig through walls and to a lower floor.
You have a pair of large antennae on your head. (SInv)
Your four strong arms can wield two-handed weapons with a shield.


Message History

You enter the shallow water.
Moving in this stuff is going to be slow.
f - 12 poisoned darts (gained 4)
Things that are here:
a +0 short sword; an adder corpse; a rat corpse
k - a +0 short sword An adder comes into view.
Drop what? 12/52 slots (_ for help) (? for menu, Esc to quit)
You drop a +0 short sword.
Reach: a) +0 trident
Press: ? - help, Dir - move target, f - adder
Aim: an adder (about 60% to evade your +0 trident)
You barely miss the adder. The adder bites you.
* * * LOW HITPOINT WARNING * * *
The adder bites you.
* * * LOW HITPOINT WARNING * * *
You hit the adder.
The adder is lightly wounded.
The adder bites you but does no damage.
You closely miss the adder.
The adder is lightly wounded.
The adder bites you.
* * * LOW HITPOINT WARNING * * *
You are lethally poisoned!
The adder poisons you! The adder barely misses you.
Okay, then.
Okay, then.
You feel very mighty all of a sudden.
* * * LOW HITPOINT WARNING * * *
You feel sick. The adder bites you but does no damage.
You closely miss the adder.
The adder is lightly wounded.
* * * LOW HITPOINT WARNING * * *
You feel sick. You block the adder's attack. The adder bites you.
* * * LOW HITPOINT WARNING * * *
You are more poisoned.
The adder poisons you!
Your cursed scale mail of Ouranomancy prevents you from hitting the adder.
The adder is lightly wounded.
You die...

≈# ≈# ≈# { # ##≈##
#.. ##≈≈.##
..≈..####S.≈≈.####
≈≈..≈≈≈≈†@.∩.≈≈≈≈≈
≈...≈####.∩.≈.###
#.. ##≈≈.## #
##≈## ≈# ≈# ≈# ≈.
.r


You could see an adder.

Vanquished Creatures
  4 adders
  2 river rats (D:3)
  A worm (D:2)
  6 ball pythons
  4 bats
  3 endoplasms
  4 giant cockroaches
  3 goblins
  4 hobgoblins (D:1)
  7 jackals
  3 quokkas (D:2)
  5 frilled lizards
  5 kobolds
  5 rats
56 creatures vanquished.

Notes
Turn   | Place    | Note
-------+----------+-------------------------------------------
     0 | D:1      | Delamore the Formicid Fighter began the quest for the Orb.
     0 | D:1      | Reached XP level 1. HP: 18/18 MP: 1/1
   230 | D:1      | Reached XP level 2. HP: 20/24 MP: 2/2
   607 | D:1      | Reached XP level 3. HP: 19/30 MP: 3/3
  1225 | D:2      | Reached XP level 4. HP: 37/37 MP: 4/4
  1335 | D:2      | Found a faded altar of an unknown god.
  1348 | D:2      | Became a worshipper of Ashenzari the Shackled
  1868 | D:3      | Found a glowing drain.
  1889 | D:3      | Reached XP level 5. HP: 6/42 MP: 5/5
  2037 | Sewer    | Entered a sewer
  2077 | Sewer    | HP: 2/43 [poisoned by an adder]
  2078 | Sewer    | Succumbed to an adder's poison

Illustrated notes

Levels and vault maps discovered:
D:1:      dpeg_arrival_more_subterranean_lakeside_camping, layout_loops_ring,
          hangedman_feature_mirror
D:2:      layout_basic, hellmonk_ecumenical_altar_arch_garden,
          grunt_ministairs_5, chequers_serial_rivers_micro_e
D:3:      layout_loops_ring, serial_shops, shop, shop, shop_coins,
          portal_sewer_entry_b, grunt_ministairs_12, minivault_27,
          minmay_misc_feat_more_columns, uniq_natasha, uniq_jessica
Sewer:    sewer_co_15_rooms

Skill      XL: |  1  2  3  4 |
---------------+-------------+-----
Polearms       | 3 4 |  4.2
Fighting       | 4 |  4.3
Armour         | |  3.2
Shields        | |  3.6

Action                   |  1- 3 |  4- 6 || total
-------------------------+-------+-------++-------
Melee: Trident           |    95 |   125 ||   220
Invok: Curse Item        |       |     1 ||     1
  Use: Scroll            |     3 |     1 ||     4
       Potion            |       |     1 ||     1
Armor: Scale mail        |    28 |    51 ||    79
Dodge: Dodged            |    28 |    62 ||    90
Block: Kite shield       |    40 |    98 ||   138

Table legend: (Time is in decaauts)
 A = Elapsed time spent in this place.
 B = Non-inter-level travel time spent in this place.
 C = Inter-level travel time spent in this place.
 D = Time resting spent in this place.
 E = Time spent auto-exploring this place.
 F = Levels seen in this place.
 G = Mean time per level.
                   A        B        C        D        E       F      G
               +--------+--------+--------+--------+--------+-----+--------+
         Total |   2150 |   2061 |     89 |    138 |   1487 |   4 |  537.5 |
       Dungeon |   2098 |   2009 |     89 |    138 |   1487 |   3 |  699.3 |
         Sewer |     51 |     51 |      0 |      0 |      0 |   1 |   51.0 |
               +--------+--------+--------+--------+--------+-----+--------+

Top non-repeatable levels by time:
     D:2: 994 daAuts
     D:1: 898 daAuts
     D:3: 206 daAuts
   Sewer: 51 daAuts
